 Dungeon Crawl Stone Soup version 0.25-a0-294-gea9b1ad378 (webtiles) character file.

Game seed: 3345995032741717541, levelgen mode: classic

2169 Borgoz the Basher (level 9, -2/84 HPs)
             Began as a Gargoyle Berserker on Dec 19, 2019.
             Was an Elder of Trog.
             Slain by Erica
             ... wielding a +3 scimitar of flaming
              (5 damage)
             ... on level 8 of the Dungeon.
             The game lasted 00:07:45 (7215 turns).

Borgoz the Basher (Gargoyle Berserker)              Turns: 7215, Time: 00:07:46

Health: -2/84      AC: 11    Str: 25    XL:     9   Next: 32%
Magic:  9/9        EV: 15    Int:  9    God:    Trog [****..]
Gold:   336        SH:  0    Dex: 20    Spells: 8/8 levels left

rFire    . . .     SeeInvis .   a - +0 mace
rCold    + . .     Gourm    .   (no shield)
rNeg     + + .     Faith    .   y - +0 leather armour of the Desert {-Tele rElec rN+ Dex+8} (curse)
rPois    ∞         Spirit   .   (no helmet)
rElec    +         Reflect  .   A - +0 cloak
rCorr    .         Harm     .   (no gloves)
MR       +....     NoTele   +   (no boots)
Stlth    ..........             (no amulet)
HPRegen  0.24/turn              t - ring of protection from magic
MPRegen  0.11/turn              G - ring of protection from cold

@: berserking (expiring), very quick
A: negative energy resistance 1, electricity resistance, unbreathing,
petrification resistance, rot immunity, AC +6
a: Berserk, Trog's Hand, Brothers in Arms, Renounce Religion


You were on level 8 of the Dungeon.
You worshipped Trog.
Trog was greatly pleased with you.
You were not hungry.

You visited 1 branch of the dungeon, and saw 8 of its levels.

You collected 336 gold pieces.

Inventory:

Hand Weapons
 a - a +0 mace (weapon)
Armour
 b - a +0 animal skin
 y - the cursed +0 leather armour of the Desert (worn) {-Tele rElec rN+ Dex+8}
   (You found it on level 4 of the Dungeon)

   It affects your dexterity (+8).
   It insulates you from electricity.
   It protects you from negative energy.
   It prevents most forms of teleportation.
   It has a curse placed upon it.
 A - a +0 cloak (worn)
 D - a +2 scale mail of magic resistance
Jewellery
 t - a ring of protection from magic (left hand)
 G - a ring of protection from cold (right hand)
Wands
 r - a wand of iceblast (7)
 u - a wand of acid (16)
 x - a wand of paralysis (12)
Scrolls
 e - a scroll of amnesia {unknown}
 f - a scroll of magic mapping {unknown}
 i - 2 scrolls of random uselessness {unknown}
 j - a scroll of remove curse
 m - 2 scrolls of teleportation {unknown}
 n - 3 scrolls of enchant armour {unknown}
 w - 3 scrolls of fear {unknown}
 z - a scroll of fog {unknown}
 B - a scroll of immolation {unknown}
 C - a scroll of brand weapon {unknown}
Potions
 d - a potion of brilliance
 g - 2 potions of agility
 h - 5 potions of curing
 k - 3 potions of might
 l - 3 potions of haste
 o - a potion of flight
 p - 3 potions of ambrosia
 q - a potion of magic
 s - a potion of mutation
 v - a potion of berserk rage
Comestibles
 c - 12 rations


   Skills:
 + Level 6.7 Fighting
 * Level 8.2 Maces & Flails
 + Level 6.2 Armour
 + Level 4.7 Dodging


You had 8 spell levels left.
You didn't know any spells.
Your spell library was empty.

Dungeon Overview and Level Annotations

Branches:
Dungeon (8/15)             Temple (0/1) D:5
   Lair: D:8-11

Altars:
Cheibriados
Dithmenos
Fedhas
Makhleb
Nemelex Xobeh
Okawaru
Qazlal
Wu Jian
Xom
Beogh

Annotations:
D:4 3 runed translucent doors, treziel's ghost, amateur GrFi
D:8 Erica


Innate Abilities, Weirdness & Mutations

You are resistant to torment.
Your stone body is resilient. (AC +6)
You are immune to poison.
You resist negative energy. (rN+)
You are resistant to electric shocks. (rElec)
You can survive without breathing.
You are immune to petrification.
You are immune to rotting.


Message History

* * * LOW HITPOINT WARNING * * *
You hit Erica but do no damage. The hippogriff bites you.
* * * LOW HITPOINT WARNING * * *
The hippogriff barely misses you. The hippogriff closely misses you.
You closely miss Erica.
Erica hits you with a +3 scimitar of flaming!
* * * LOW HITPOINT WARNING * * *
Erica burns you.
* * * LOW HITPOINT WARNING * * *
You sock Erica!
Erica is lightly wounded.
The hippogriff barely misses you.
The hippogriff pecks you but does no damage.
The hippogriff claws you.
* * * LOW HITPOINT WARNING * * *
You are too berserk!
You sock Erica!
Erica is moderately wounded.
Erica hits you with a +3 scimitar of flaming.
You die...

..#.#
###.#.#
...#.###
#.)#...
#..#..#
#>.#..#
#####..#..#
........H..#
######.l@@.#
..........#
##.##.....#
#.........#
#...?.#...#
..........#
........#.#
.####.###.#
#. .#


You could see Erica, a hippogriff and a leopard gecko.

Vanquished Creatures
  A troll (D:7)
  Purgy (D:3)
  An orc warrior (D:7)
  An ice beast (D:6)
  A necrophage (D:7)
  3 ogres
  A centaur (D:7)
  3 bullfrogs
  2 scorpions
  3 wights (D:7)
  3 howler monkeys
  2 crimson imps
  A jelly (D:5)
  2 hounds
  4 orc priests
  2 orc wizards
  Natasha (D:4)
  4 worker ants
  A howler monkey skeleton (D:5)
  11 adders
  2 shadow imps (D:5)
  An adder zombie (D:7)
  An adder skeleton (D:6)
  4 worms (D:2)
  2 leopard geckos
  30 orcs
  6 giant cockroaches
  13 goblins
  11 hobgoblins
  4 jackals (D:1)
  3 quokkas
  3 ball pythons
  8 bats
  5 frilled lizards
  4 kobolds (D:1)
  A leopard gecko zombie (D:5)
  3 rats
149 creatures vanquished.

Notes
Turn   | Place    | Note
-------+----------+-------------------------------------------
     0 | D:1      | Borgoz the Gargoyle Berserker began the quest for the Orb.
     0 | D:1      | Reached XP level 1. HP: 14/14 MP: 1/1
   186 | D:1      | Reached XP level 2. HP: 18/19 MP: 2/2
   408 | D:1      | Reached XP level 3. HP: 17/23 MP: 3/3
   707 | D:1      | Reached ** piety under Trog
  1245 | D:2      | Reached XP level 4. HP: 29/29 MP: 4/4
  1815 | D:2      | Reached skill level 4 in Maces & Flails
  2168 | D:3      | Reached XP level 5. HP: 23/33 MP: 5/5
  2407 | D:3      | Noticed Purgy
  2430 | D:3      | Killed Purgy
  2430 | D:3      | Reached XP level 6. HP: 39/39 MP: 6/6
  2982 | D:3      | Found a sparkling altar of Nemelex Xobeh.
  3210 | D:4      | Reached skill level 5 in Maces & Flails
  3328 | D:4      | Reached *** piety under Trog
  3360 | D:4      | Got a twisted leather armour
  3371 | D:4      | Identified the cursed +0 leather armour of the Desert
                  | {-Tele rElec rN+ Dex+8} (You found it on level 4 of the
                  | Dungeon)
  3453 | D:4      | Reached XP level 7. HP: 7/44 MP: 7/7
  3735 | D:4      | Noticed Natasha
  3749 | D:4      | Killed Natasha
  3810 | D:4      | Found an ornate altar of the Wu Jian Council.
  3829 | D:4      | Found a stormy altar of Qazlal.
  3908 | D:4      | Found a burning altar of Makhleb.
  3909 | D:4      | Found a shimmering altar of Xom.
  4032 | D:4      | Found a runed translucent gate.
  4032 | D:4      | Noticed treziel's ghost (amateur GrFi)
  4033 | D:4      | Found a runed translucent gate.
  4034 | D:4      | Found a runed translucent gate.
  4040 | D:4      | Found a roughly hewn altar of Beogh.
  4040 | D:4      | Identified the +7 whip of Mykoxkedoak {flame, +Fly}
  4073 | D:4      | Found a snail-covered altar of Cheibriados.
  4254 | D:5      | Entered Level 5 of the Dungeon
  4264 | D:5      | Found an iron altar of Okawaru.
  4367 | D:5      | Found a staircase to the Ecumenical Temple.
  4471 | D:5      | Reached skill level 5 in Fighting
  4941 | D:5      | Reached skill level 6 in Maces & Flails
  4970 | D:5      | Reached XP level 8. HP: 31/49 MP: 8/8
  5224 | D:6      | Found a blossoming altar of Fedhas.
  5280 | D:6      | Found a shadowy altar of Dithmenos.
  5569 | D:6      | Reached skill level 5 in Armour
  6174 | D:7      | Reached skill level 7 in Maces & Flails
  6485 | D:7      | Reached **** piety under Trog
  6530 | D:7      | Reached XP level 9. HP: 46/56 MP: 9/9
  6645 | D:7      | Reached skill level 8 in Maces & Flails
  6870 | D:7      | Noticed a troll
  6885 | D:7      | Killed a troll
  7200 | D:8      | Noticed Erica
  7213 | D:8      | HP: 4/84 [Erica/+3 scimitar of flaming (5)]
  7215 | D:8      | Slain by Erica

Levels and vault maps discovered:
D:1:      dpeg_arrival_orchard, layout_loops_cross
D:2:      layout_loops_corners
D:3:      layout_basic, nemelex_diamond_rough_becter, uniq_purgy
D:4:      layout_basic, grunt_temple_overflow_champion_of_chaos,
          kennysheep_mini_moat, overflow_temple_1_default,
          biasface_ghost_orc_armoury, first_ration, grunt_ministairs_9,
          cheibriados_altar_1, uniq_natasha
D:5:      minmay_spotlight, layout_basic, kennysheep_okawaru_gauntlet,
          minmay_temple_entry_overgrown
D:6:      layout_loops_cross, nicolae_dithmenos_shadow_blocks,
          fedhas_ov_isle_minmay
D:7:      layout_cave_pools
D:8:      layout_basic, kennysheep_little_box,
          nicolae_overflow_quartered_altars, uniq_erica

Skill      XL: |  1  2  3  4  5  6  7  8  9 |
---------------+----------------------------+-----
Dodging        | 2 3 4 |  4.7
Armour         | 3 4 5 6 |  6.2
Maces & Flails | 4 5 6 7 8 |  8.2
Fighting       | 4 5 6 |  6.7

Action                   |  1- 3 |  4- 6 |  7- 9 || total
-------------------------+-------+-------+-------++-------
Melee: Mace              |   106 |   189 |   334 ||   629
Invok: Berserk           |     1 |     4 |     6 ||    11
       Trog's Hand       |       |     1 |     1 ||     2
Evoke: Wand              |       |       |     2 ||     2
  Use: Scroll            |       |     6 |     5 ||    11
 Stab: Distracted        |       |     1 |       ||     1
       Sleeping          |       |       |     3 ||     3
  Eat: Chunk             |     2 |    10 |    13 ||    25
       Ration            |       |       |     2 ||     2
Armor: Animal skin       |    47 |    61 |       ||   108
       Leather armour    |       |       |   145 ||   145
Dodge: Dodged            |    99 |   128 |   288 ||   515

Table legend:
 A = Non-vault XP
 B = Vault XP
 C = Vault XP percentage of total XP
 D = Non-vault monster count
 E = Vault monster count
 F = Vault count percentage of total count
                 A         B        C        D         E       F
            +---------+---------+-------+---------+---------+-------
      Total |    2734 |     365 |  11.8 |     139 |      10 |   6.7
            +---------+---------+-------+---------+---------+-------
        D:1 |      46 |       0 |   0.0 |      27 |       0 |   0.0
        D:2 |      81 |       0 |   0.0 |      23 |       0 |   0.0
        D:3 |     152 |     141 |  48.1 |      25 |       1 |   3.8
        D:4 |     224 |      99 |  30.7 |       5 |       3 |  37.5
        D:5 |     418 |     125 |  23.0 |      15 |       6 |  28.6
        D:6 |     465 |       0 |   0.0 |      15 |       0 |   0.0
        D:7 |    1348 |       0 |   0.0 |      29 |       0 |   0.0
            +---------+---------+-------+---------+---------+-------
